 Dungeon Crawl Stone Soup version 0.31.0-32-g396128a36d (webtiles) character file.

Game seed: 16128044413367036543

16864 spaghetti the Carver (level 12, -2/168 HPs)
             Began as a Naga Berserker on Mar 22, 2024.
             Was a Priest of Trog.
             Slain by a 14-headed hydra (9 damage)
             ... on level 2 of the Lair of Beasts.
             The game lasted 00:12:46 (11538 turns).

spaghetti the Carver (Naga Berserker)              Turns: 11538, Time: 00:12:47

Health: -2/168     AC: 26    Str: 20    XL:     12   Next: 42%
Magic:  12/12      EV:  1    Int:  6    God:    Trog [***...]
Gold:   645        SH:  0    Dex: 19    Spells: 11/11 levels left

rFire   . . .        h - +2 double sword (distort)
rCold   . . .        i - orb {mayhem}
rNeg    . . .        x - melded +0 acid dragon scales
rPois   +            (helmet currently unavailable)
rElec   .            r - melded +1 cloak of Lust {Will+ MP+9 Str+2 Int-4}
rCorr   .            m - melded +0 pair of gloves
SInv    +            (no barding)
Will    ++++.        (no amulet)
Stlth   ++           b - ring of willpower
HPRegen 1.48/turn    f - +5 ring of evasion
MPRegen 0.13/turn

%: mayhem, clarity
@: mighty, tree-form, strong-willed, on berserk cooldown, regenerating, slowed,
very slow
A: stationary, stasis, torment immunity, boosted hp, AC +4, large, see
invisible, (deformed body), (poison resistance), (slowness 2), spit poison 1,
(naga tail 1), (large bone plates 1), agile 1, clarity
a: Spit Poison, Renounce Religion, Berserk, Trog's Hand


You were on level 2 of the Lair of Beasts.
You worshipped Trog.
Trog was most pleased with you.
You were a tree.
You visited 2 branches of the dungeon, and saw 11 of its levels.

You collected 645 gold pieces.

Inventory:

Hand Weapons
 h - a +2 double sword of distortion (weapon)
Missiles
 u - 5 boomerangs
 y - 9 poisoned darts
 D - 25 stones
 E - a curare-tipped dart
Armour
 i - an orb of mayhem (worn)
 m - a +0 pair of gloves (melded)
 r - the +1 cloak of Lust (melded) {Will+ MP+9 Str+2 Int-4}
   (You found it on level 6 of the Dungeon)

   Str+2:     It affects your strength (+2).
   Int-4:     It affects your intelligence (-4).
   Will+:     It increases your willpower.
   MP+9:      It affects your magic capacity (+9).
 x - +0 acid dragon scales (melded)
Jewellery
 b - a ring of willpower (left branch)
 f - a +5 ring of evasion (right branch)
 F - a ring of fire
Wands
 e - a wand of mindburst (13)
 j - a wand of charming (5)
 k - a wand of roots (3)
 o - a wand of digging (5)
 q - a wand of polymorph (8)
 s - a wand of acid (5)
 w - a wand of flame (20)
Scrolls
 c - 7 scrolls of teleportation
 g - 4 scrolls of enchant armour
 l - a scroll of silence
 v - 4 scrolls of immolation
 z - a scroll of vulnerability
 C - a scroll of identify
Potions
 a - a potion of attraction
 p - 4 potions of curing
 t - a potion of mutation
 A - a potion of brilliance


   Skills:
 + Level 8.8 Fighting
 + Level 13.4 Long Blades
 + Level 5.3 Throwing
 + Level 4.7 Armour
 + Level 6.9 Dodging
 + Level 5.7 Evocations


You had 11 spell levels left.
You didn't know any spells.
Your spell library was empty.

Dungeon Overview and Level Annotations

Branches:
Dungeon (9/15)             Temple (0/1) D:5            Lair (2/5) D:8
    Orc (0/2) D:9
  Swamp: Lair:2-3    Shoals: Lair:2-3     Snake: Lair:2-3    Spider: Lair:2-3

Altars:
Cheibriados
Elyvilon
Gozag
Okawaru
Sif Muna
Trog
Uskayaw
Vehumet
Wu Jian
Zin

Shops:
D:6 [:((!   D:9 (


Innate Abilities, Weirdness & Mutations

You are a tree.
Your roots penetrate the ground, keeping you stationary.
You cannot be teleported.
You are immune to unholy pain and torment.
Your maximum health is greatly increased.
Your equipment is partially melded.
((Your serpentine skin is tough. (AC +4)))
You have supernaturally acute eyesight. (SInv)
((Armour fits poorly on your strangely shaped body.))
((Your system is resistant to poisons. (rPois)))
((You cover ground very slowly.))
You can spit poison.
((You have a snake-like lower body.))
((You are partially covered in large bone plates. (SH +4)))
You are agile. (Dex +4, Str/Int -1)
You possess an exceptional clarity of mind.


Message History

The 13-headed hydra bites you.
* * * LOW HITPOINT WARNING * * *
The 13-headed hydra bites you but does no damage. x9
The 13-headed hydra bites you.
* * * LOW HITPOINT WARNING * * *
The 13-headed hydra bites you!
* * * LOW HITPOINT WARNING * * *
The 13-headed hydra bites you.
* * * LOW HITPOINT WARNING * * *
The 13-headed hydra bites you but does no damage. x2
The 13-headed hydra completely misses you.
The 13-headed hydra bites you!
* * * LOW HITPOINT WARNING * * *
The 13-headed hydra bites you but does no damage.
The 13-headed hydra completely misses you.
The 13-headed hydra bites you but does no damage. x2
You lop one of the 13-headed hydra's heads off!
The 12-headed hydra grows two more!
You slash the 14-headed hydra!
Space warps around the 14-headed hydra.
The 14-headed hydra is moderately wounded.
The 14-headed hydra bites you but does no damage. x3
The 14-headed hydra bites you.
* * * LOW HITPOINT WARNING * * *
The 14-headed hydra bites you but does no damage. x6
The 14-headed hydra bites you.
* * * LOW HITPOINT WARNING * * *
The 14-headed hydra bites you but does no damage. x3
Okay, then.
It was a potion of might.
You feel very mighty all of a sudden. The 14-headed hydra bites you.
* * * LOW HITPOINT WARNING * * *
The 14-headed hydra bites you but does no damage.
The 14-headed hydra bites you.
* * * LOW HITPOINT WARNING * * *
The 14-headed hydra bites you but does no damage. x2
The 14-headed hydra bites you.
* * * LOW HITPOINT WARNING * * *
The 14-headed hydra bites you!
You die...

......................
##..#..P.........P.#P
....................
.......#. #........#
.......# .#.......?#####.
......>. ................
....##.. .#P....#....#...
.........................
....###...######♣..###.##
#..####..####..#D#..##...
........)................
#....##....#P.......P#P.
.........................
P.#.#.####...........##..
###.###...............#
........................
###.###..###............


You could see a 14-headed hydra.

Vanquished Creatures
  A catoblepas (Lair:2)
  A two-headed ogre (D:7)
  Pikel (D:8)
  Maurice (D:8)
  A cyclops (D:9)
  Joseph (D:8)
  3 black mambas
  Maggie (D:7)
  A cane toad (Lair:2)
  Jeremiah (D:7)
  3 rime drakes
  5 komodo dragons
  A polar bear (Lair:2)
  2 hornets (D:9)
  Grinder (D:4)
  A wyvern (D:7)
  17 yaks
  4 steam dragons
  Menkaure (D:6)
  3 water moccasins
  3 black bears
  5 orc warriors
  7 wolves
  A lemure (D:8)
  2 kobold brigands (D:7)
  10 bullfrogs
  4 scorpions
  9 wights
  12 killer bees
  An electric eel (D:6)
  3 howler monkeys (D:7)
  2 bombardier beetles (D:5)
  A jelly (D:6)
  2 hounds (D:6)
  6 orc priests
  2 iguanas (D:5)
  6 orc wizards
  6 adders
  A shadow imp (D:6)
  A white imp (D:7)
  An ufetubus (D:6)
  A ribbon worm (D:4)
  3 dart slugs
  27 orcs
  9 endoplasms
  9 giant cockroaches
  11 goblins
  4 hobgoblins
  6 jackals
  2 quokkas
  8 ball pythons
  6 bats
  3 frilled lizards
  16 kobolds
  5 rats
245 creatures vanquished.

Vanquished Creatures (collateral kills)
  A cane toad (Lair:2)
  A rime drake (Lair:1)
  A yak (D:9)
  A howler monkey (D:7)
  2 orc wizards
  3 orcs (D:8)
9 creatures vanquished.

Vanquished Creatures (others)
  A yak (D:9)
  A wight (D:8)
  2 orcs (D:9)
4 creatures vanquished.

Grand Total: 258 creatures vanquished

Notes
Turn   | Place    | Note
-------+----------+-------------------------------------------
     0 | D:1      | spaghetti the Naga Berserker began the quest for the Orb.
     0 | D:1      | Reached XP level 1. HP: 21/21 MP: 1/1
   116 | D:1      | Reached XP level 2. HP: 28/28 MP: 2/2
   476 | D:1      | Reached skill level 4 in Long Blades
   542 | D:1      | Reached XP level 3. HP: 17/34 MP: 3/3
   783 | D:1      | Reached ** piety under Trog
  1582 | D:2      | Reached XP level 4. HP: 41/42 MP: 4/4
  1656 | D:3      | Found a radiant altar of Vehumet.
  1656 | D:3      | Found a hide-covered altar of Uskayaw.
  1668 | D:3      | Found an iron altar of Okawaru.
  1677 | D:3      | Found a shimmering blue altar of Sif Muna.
  1819 | D:3      | Reached skill level 5 in Long Blades
  2047 | D:3      | Identified a scroll of acquirement
  2047 | D:3      | Acquired a +0 double sword of distortion
  2339 | D:4      | Noticed Grinder
  2347 | D:4      | Paralysed by Grinder for 4 turns
  2354 | D:4      | Paralysed by Grinder for 3 turns
  2361 | D:4      | Killed Grinder
  2362 | D:4      | Reached skill level 6 in Long Blades
  2362 | D:4      | Reached XP level 5. HP: 49/49 MP: 5/5
  2362 | D:4      | Reached XP level 6. HP: 56/56 MP: 6/6
  2496 | D:4      | Reached *** piety under Trog
  2677 | D:4      | Found a glowing silver altar of Zin.
  2745 | D:4      | Reached skill level 7 in Long Blades
  3031 | D:5      | Entered Level 5 of the Dungeon
  3088 | D:5      | Found a white marble altar of Elyvilon.
  3304 | D:5      | Reached XP level 7. HP: 62/62 MP: 7/7
  3304 | D:5      | Gained mutation: You are weak. (Str -2) [potion of
                  | mutation]
  3304 | D:5      | Gained mutation: Your spells are a little easier to cast,
                  | but a little less powerful. [potion of mutation]
  3309 | D:5      | Found a staircase to the Ecumenical Temple.
  3366 | D:5      | Reached skill level 8 in Long Blades
  3905 | D:6      | Found Yschibrenn's Armour Emporium.
  3912 | D:6      | Noticed a steam dragon
  3922 | D:6      | Killed a steam dragon
  3922 | D:6      | Noticed Menkaure
  3923 | D:6      | Reached skill level 9 in Long Blades
  3927 | D:6      | Killed Menkaure
  3928 | D:6      | Reached XP level 8. HP: 58/69 MP: 8/8
  4015 | D:6      | Found Geyka's Antique Weapon Emporium.
  4023 | D:6      | Found Ostyrr's Distillery.
  4023 | D:6      | Found Xeitz's Book Shoppe.
  4023 | D:6      | Found Ciqewyt's Weapon Emporium.
  4164 | D:6      | Identified the +1 cloak of Lust {Will+ MP+9 Str+2 Int-4}
  4235 | D:6      | Found a bloodstained altar of Trog.
  4240 | D:6      | Reached skill level 10 in Long Blades
  4803 | D:7      | Reached skill level 11 in Long Blades
  4861 | D:7      | Noticed a wyvern
  4868 | D:7      | Killed a wyvern
  4869 | D:7      | Reached XP level 9. HP: 78/78 MP: 9/9
  5055 | D:7      | Noticed a two-headed ogre
  5064 | D:7      | Killed a two-headed ogre
  5065 | D:7      | Reached skill level 5 in Fighting
  5214 | D:7      | Noticed Maggie
  5226 | D:7      | Killed Maggie
  5226 | D:7      | Reached **** piety under Trog
  5561 | D:7      | Reached skill level 12 in Long Blades
  5564 | D:7      | Reached XP level 10. HP: 78/91 MP: 10/10
  5669 | D:7      | Noticed Jeremiah
  5730 | D:7      | Killed Jeremiah
  5905 | D:7      | Found a snail-covered altar of Cheibriados.
  6050 | D:7      | Found an ornate altar of the Wu Jian Council.
  6085 | D:7      | Reached skill level 1 in Throwing
  6085 | D:7      | Reached skill level 5 in Dodging
  6085 | D:7      | Reached skill level 1 in Evocations
  6423 | D:8      | Found a staircase to the Lair.
  6467 | D:8      | Noticed Maurice
  6469 | D:8      | Maurice stole 5 boomerangs
  6470 | D:8      | Maurice stole 211 gold
  6473 | D:8      | Maurice stole 127 gold
  6475 | D:8      | Killed Maurice
  6790 | D:8      | Noticed Pikel
  6791 | D:8      | Noticed Joseph
  6802 | D:8      | Killed Pikel
  7259 | D:8      | Killed Joseph
  7592 | D:8      | Lost mutation: You are weak. (Str -2) [potion of mutation]
  7592 | D:8      | Lost mutation: Your spells are a little easier to cast, but
                  | a little less powerful. [potion of mutation]
  7592 | D:8      | Gained mutation: You are partially covered in large bone
                  | plates. (SH +4) [potion of mutation]
  7592 | D:8      | Gained mutation: You are agile. (Dex +4, Str/Int -1)
                  | [potion of mutation]
  7592 | D:8      | Gained mutation: You possess an exceptional clarity of
                  | mind. [potion of mutation]
  7667 | D:9      | Found a staircase to the Orcish Mines.
  7876 | D:9      | Reached XP level 11. HP: 64/100 MP: 11/11
  8039 | D:9      | Found an opulent altar of Gozag.
  8193 | D:9      | Noticed a cyclops
  8451 | D:9      | Killed a cyclops
  8963 | D:9      | Found Xoeloruw's Weapon Emporium.
  9036 | Lair:1   | Entered Level 1 of the Lair of Beasts
  9205 | Lair:1   | Reached skill level 13 in Long Blades
  9325 | Lair:1   | Identified the +2 pair of boots "Osyekuan" {Slay+2}
  9816 | Lair:1   | Reached skill level 5 in Evocations
  9839 | Lair:1   | Reached XP level 12. HP: 103/112 MP: 12/12
 10355 | Lair:2   | Noticed a four-headed hydra
 10362 | Lair:2   | Banished a five-headed hydra
 10477 | Lair:2   | Reached skill level 5 in Throwing
 11217 | Lair:2   | Noticed a catoblepas
 11254 | Lair:2   | Killed a catoblepas
 11520 | Lair:2   | Noticed an eight-headed hydra
 11538 | Lair:2   | HP: 8/168 [14-headed hydra (3)]
 11538 | Lair:2   | Slain by a 14-headed hydra

Illustrated notes

Levels and vault maps discovered:
D:1:      kennysheep_arrival_forest, layout_basic, minmay_surrounded
D:2:      layout_basic
D:3:      layout_rooms, nicolae_overflow_macrodata_refinement,
          gup_sewer_entry_bowl
D:4:      layout_loops_ring, kennysheep_mini, serial_bayou_lagoon_b,
          uniq_grinder
D:5:      layout_gridville, nicolae_elyvilon_peaceful_grove,
          minmay_temple_entry_statues_fountains
D:6:      kennysheep_spiral_hall, layout_rooms, trog_ov_bears_minmay,
          serial_shops, shop, nicolae_shop_national_dungeon_mall,
          grunt_decor_fettered, uniq_menkaure
D:7:      minmay_angry_zag, layout_basic, nicolae_overflow_hidden_temple,
          nzn_wu_jian_council_hall, uniq_maggie, uniq_jeremiah
D:8:      layout_basic, lair_entry_dummy, uniq_maurice, uniq_pikel, uniq_joseph
D:9:      layout_cave_pools, nicolae_gozag_seed_capital,
          minmay_orc_entry_temple_small, serial_shops,
          nicolae_shop_pleasant_corner_grove, minmay_misc_feat_secret_circle
Lair:1:   layout_cave_pods, serial_forest, infiniplex_forest_clump_long,
          infiniplex_forest_side_room, infiniplex_forest_clump_small,
          infiniplex_forest_lined_ring, infiniplex_forest_lined_2,
          infiniplex_forest_join, cheibrodos_lair_reptile_den,
          lemuel_fruit_fields
Lair:2:   layout_long_grid, chequers_serial_rivers_large_a,
          serial_bayou_shore_b, uniq_harold

Skill      XL: |  1  2  3  4  5  6  7  8  9 10 11 12 |
---------------+-------------------------------------+-----
Long Blades    | 4 6 7 9 11 12 13 | 13.4
Dodging        | 2 4 5 6 |  6.9
Fighting       | 6 7 8 |  8.8
Throwing       | 3 4 5 |  5.3
Evocations     | 3 5 |  5.7
Armour         | 2 4 |  4.7

Action                     |  1- 3 |  4- 6 |  7- 9 | 10-12 || total
---------------------------+-------+-------+-------+-------++-------
  Melee: Falchion          |   101 |       |       |       ||   101
         Long sword        |    19 |    41 |       |       ||    60
         Double sword      |       |    45 |   126 |   406 ||   577
         Punch             |       |     3 |       |       ||     3
 Invoke: Berserk           |     2 |     1 |     4 |    13 ||    20
         Trog's Hand       |       |       |       |     5 ||     5
         Brothers in Arms  |       |       |       |     1 ||     1
Ability: Spit Poison       |       |       |     1 |       ||     1
  Evoke: Wand              |       |       |     1 |       ||     1
    Use: Scroll            |     3 |     8 |     1 |     6 ||    18
         Potion            |     2 |     4 |     1 |    11 ||    18
   Stab: Sleeping          |       |     2 |     1 |       ||     3
         Invisible         |       |       |       |     2 ||     2
 Armour: Animal skin       |   102 |    47 |    28 |       ||   177
         Steam dragon scal |       |       |    49 |       ||    49
         Acid dragon scale |       |       |     5 |   278 ||   283
         Skin              |       |       |       |    75 ||    75
  Dodge: Dodged            |    65 |    43 |    82 |   357 ||   547
